Unix NetHack Version 5.0.0-0 post-release - last build Jun 10 2026 00:39:30 (3ee93aec679c4c4259841fe613dc97188e26a321,branch:main).

Game began 2026-06-19 14:40:28, ended 2026-06-19 15:12:57.

Jyopro, lawful female dwarven Valkyrie

    ----------------
    |....{.........|
    |..............|
    |.......<.......
    ------------.---
                ##
                 #
                 ##
          --------.------
          |..............#
          |.............|###
          |.............|######
          |.............|    #####-----------   ##+
          |>............|        #-.........|   #
          ---------------         |..........#'@`
                                  |.........|
                                  -----------

Jyopro the Skirmisher       St:16 Dx:11 Co:18 In:11 Wi:10 Ch:11  Lawful
Dlvl:4  $:38 HP:0(56) Pw:13(13) AC:2  Xp:4 T:1295  Fainted  Deaf

Latest messages:
 The straw golem hits!
 You regain consciousness.
 Are you waiting to get hit?  Use 'm' prefix to force a no-op (to rest).
 Are you waiting to get hit?  Use 'm' prefix to force a no-op (to rest).
 Are you waiting to get hit?  Use 'm' prefix to force a no-op (to rest).
 Are you waiting to get hit?  Use 'm' prefix to force a no-op (to rest).
 Are you waiting to get hit?  Use 'm' prefix to force a no-op (to rest).
 Are you waiting to get hit?  Use 'm' prefix to force a no-op (to rest).
 Are you waiting to get hit?  Use 'm' prefix to force a no-op (to rest).
 Are you waiting to get hit?  Use 'm' prefix to force a no-op (to rest).
 Are you waiting to get hit?  Use 'm' prefix to force a no-op (to rest).
 Are you waiting to get hit?  Use 'm' prefix to force a no-op (to rest).
 Are you waiting to get hit?  Use 'm' prefix to force a no-op (to rest).
 Are you waiting to get hit?  Use 'm' prefix to force a no-op (to rest).
 You hit the straw golem.
 The straw golem hits!
 The straw golem hits again!
 You hit the straw golem!
 You can hear again.
 You faint from lack of food.
 The straw golem hits!
 The straw golem hits again!
 The straw golem hits!
 The straw golem hits again!
 The straw golem hits!
 The straw golem hits again!
 The straw golem hits!
 The straw golem just misses!
 The straw golem hits!
 The straw golem hits again!
 The straw golem hits!
 The straw golem hits again!
 The straw golem hits!
 The straw golem hits again!
 The straw golem hits!
 The straw golem hits again!
 The straw golem hits!
 The straw golem hits again!
 The straw golem hits!
 The straw golem hits again!
 The straw golem hits!
 The straw golem hits again!
 The straw golem hits!
 The straw golem hits again!
 You die...
 Do you want your possessions identified? [ynq] (y) y
 Do you want to see your attributes? [ynq] (y) y
 Do you want an account of creatures vanquished? [ynaq] (y) y
 Do you want to see your conduct and achievements? [ynq] (y) y
 Do you want to see the dungeon overview? [ynq] (y) y

Inventory:
 Coins    ('$')
  $ - 38 gold pieces
 Weapons  (')')
  b - a +0 dagger (alternate weapon; not wielded)
  a - a +1 dwarvish spear (weapon in right hand)
 Armor    ('[')
  r - an uncursed +0 elven leather helm (being worn)
  c - an uncursed +3 small shield (being worn)
  h - an uncursed +0 ring mail (being worn)
 Comestibles  ('%')
  d - an uncursed food ration
  l - 2 uncursed tripe rations
 Scrolls  ('?')
  p - an uncursed scroll of fire
 Rings    ('=')
  m - an uncursed ring of teleport control
 Tools    ('(')
  e - an uncursed lock pick
 Gems/Stones  ('*')
  k - an uncursed worthless piece of red glass

Jyopro the Valkyrie's attributes:

Background:
 You were a Skirmisher, a level 4 dwarven Valkyrie.
 You were lawful, on a mission for Tyr
 who was opposed by Odin (neutral) and Loki (chaotic).
 You were right-handed.
 You were in the Dungeons of Doom, on level 4.
 You entered the dungeon 1295 turns ago.
 You had 103 experience points, 57 more were needed to attain level 5.

Basics:
 You had 0 out of 56 hit points.
 You had all 13 energy points (spell power).
 Your armor class was 2.
 Your wallet contained 38 zorkmids.
 Autopickup was off.

Final Characteristics:
 Your strength was 16 (base:17, limit:18/100).
 Your dexterity was 11 (limit:20).
 Your constitution was 18 (limit:20).
 Your intelligence was 11 (limit:16).
 Your wisdom was 10 (limit:16).
 Your charisma was 11 (limit:16).

Final Status:
 You were deaf.
 You were fainted due to starvation.
 You were unencumbered.
 You were wielding a spear.
 You had basic skill with spear.

Final Attributes:
 You were devoutly aligned.
 You were cold resistant.
 You had infravision.
 You were stealthy.
 You were warded.
 You were fast.
 You are dead.

Miscellaneous:
 You didn't encounter any bones levels.
 Total elapsed playing time was 31 minutes and 33 seconds.

Major events:
 Turn
    1: Jyopro the lawful dwarven Valkyrie entered the dungeon
  764: attained the rank of Skirmisher (level 3)
 1295: killed by a straw golem, while fainted from lack of food

You didn't know any spells.

Skills:
 Fighting Skills
   bare handed combat [Unskilled]
   two weapon combat  [Unskilled]
   riding             [Unskilled]
 Weapon Skills
   dagger             [Basic]
   axe                [Unskilled]
   pick-axe           [Unskilled]
   short sword        [Unskilled]
   broadsword         [Unskilled]
   long sword         [Unskilled]
   two-handed sword   [Unskilled]
   saber              [Unskilled]
   hammer             [Unskilled]
   quarterstaff       [Unskilled]
   polearms           [Unskilled]
   spear              [Basic]
   trident            [Unskilled]
   lance              [Unskilled]
   sling              [Unskilled]
 Spellcasting Skills
   attack spells      [Unskilled]
   escape spells      [Unskilled]

Voluntary challenges:
 Character rerolling was not enabled.
 You were illiterate.
 You never genocided any monsters.
 You never polymorphed an object.
 You never changed form.
 You used no wishes.
Achievement:
 You attained the rank of Skirmisher.

 The Dungeons of Doom: levels 1 to 4
    Level 1:
    Level 2:
    Level 3:
    Level 4: <- You were here.
       A fountain.
       Final resting place for
          you, killed by a straw golem, while fainted from lack of food.


Vanquished creatures:
  a shrieker
  a little dog
  a floating eye
  a werejackal
  3 manes
  3 giant rats
  a yellow mold
  a gecko
  a jackal
  a fox
  a kobold
  3 lichens
  3 newts
21 creatures vanquished.

No species were genocided or became extinct.

Game over:
                       ----------
                      /          \
                     /    REST    \
                    /      IN      \
                   /     PEACE      \
                  /                  \
                  |      Jyopro      |
                  |      38 Au       |
                  |   killed by a    |
                  |   straw golem    |
                  |                  |
                  |                  |
                  |       2026       |
                 *|     *  *  *      | *
        _________)/\\_//(\/(/\)/\//\/|_)_______

Farvel Jyopro the Valkyrie...

You died in The Dungeons of Doom on dungeon level 4 with 527 points,
and 38 pieces of gold, after 1295 moves.
You were level 4 with a maximum of 56 hit points when you died.

